[ AOE2 MATCH · #475148343 ]
UnrankedSaracens vs Bohemians
[ REPLAY ANALYSIS · EXTRACTED FROM THE RECORDED GAME ]
Feudal
—
Castle
—
Imperial
—
| APM avg | 20.5 |
| APM peak | 69 |
| eAPM avg | 16.6 |
| Villagers / military | 157 / 818 |
Focus
⚔️ 29.9% · 🌾 70.1%
Archer ×794 · Bombard Cannon ×23 · Trade Cart ×20 · Monk ×1
Feudal
—
Castle
—
Imperial
—
| APM avg | 48.9 |
| APM peak | 115 |
| eAPM avg | 39.9 |
| Villagers / military | 233 / 633 |
Focus
⚔️ 23.6% · 🌾 76.4%
Scorpion ×355 · Knight ×149 · Battering Ram ×67 · Scout Cavalry ×46 · Trade Cart ×31 · Trebuchet (Packed) ×9
Feudal
—
Castle
—
Imperial
—
| APM avg | 17.8 |
| APM peak | 42 |
| eAPM avg | 14.8 |
| Villagers / military | 119 / 699 |
Focus
⚔️ 39.4% · 🌾 60.6%
Spearman ×297 · Skirmisher ×186 · Hussite Wagon ×87 · Knight ×74 · Bombard Cannon ×27 · Scout Cavalry ×25
Feudal
14:04
Castle
19:19
Imperial
35:57
| APM avg | 33.1 |
| APM peak | 66 |
| eAPM avg | 23.6 |
| Villagers / military | 130 / 546 |
Focus
⚔️ 42.6% · 🌾 57.4%
Spearman ×288 · Scorpion ×150 · Woad Raider ×57 · Battering Ram ×34 · Trade Cart ×31 · Mangonel ×9
Feudal
14:04
Castle
18:13
Imperial
31:53
| APM avg | 20.4 |
| APM peak | 57 |
| eAPM avg | 15.7 |
| Villagers / military | 111 / 848 |
Focus
⚔️ 46.8% · 🌾 53.2%
Skirmisher ×426 · Knight ×208 · Spearman ×172 · Bombard Cannon ×41 · Trade Cart ×11 · Monk ×1
Feudal
14:31
Castle
21:30
Imperial
38:14
| APM avg | 13.3 |
| APM peak | 36 |
| eAPM avg | 11.3 |
| Villagers / military | 158 / 1066 |
Focus
⚔️ 48.6% · 🌾 51.4%
Skirmisher ×740 · Eagle Scout ×146 · Plumed Archer ×93 · Archer ×87 · Trade Cart ×23
Match map
Initial resources + every placement click. Lines = walls · curves = elevation contours. ◆ gold · ⬟ stone · ● berries · ✦ relic · ◌ wall gap
Your base· ✓ Closed at 14:51 · 0t walls · fragile
ERJ1919's base· ✓ Closed at 15:12 · 17t walls · 1 gate(s) · fragile
S1eKej86's base· ✓ Closed at 16:05 · 10t walls · 1 gate(s) · fragile
fotolithos's base· ✓ Closed at 19:19 · 41t walls · fragile
Ballendin's base· ✓ Closed at 18:13 · 0t walls · no gate
KingKongKeule's base· ✓ Closed at 21:30 · 70t walls · 4 gate(s)
Smoothed initial terrain · ◌ = detected wall gap · hover for details
Inputs per minute
— DonMichi86 - - ERJ1919
Build order — DonMichi86
First 150 of 534 actions detected
| 0:03 | Create | Villager (Male) |
| 0:03 | Create | Villager (Male) |
| 0:03 | Create | Villager (Male) |
| 0:03 | Create | Villager (Male) |
| 0:07 | Build | House |
| 0:10 | Build | House |
| 1:36 | Create | Villager (Male) |
| 1:36 | Create | Villager (Male) |
| 1:37 | Create | Villager (Male) |
| 2:16 | Create | Villager (Male) |
| 2:16 | Create | Villager (Male) |
| 2:16 | Create | Villager (Male) |
| 2:16 | Create | Villager (Male) |
| 2:27 | Build | Lumber Camp |
| 2:49 | Create | Villager (Male) |
| 2:49 | Create | Villager (Male) |
| 2:49 | Create | Villager (Male) |
| 2:49 | Create | Villager (Male) |
| 2:52 | Build | House |
| 2:53 | Build | House |
| 2:57 | Create | Villager (Male) |
| 2:57 | Create | Villager (Male) |
| 2:57 | Create | Villager (Male) |
| 3:29 | Create | Villager (Male) |
| 3:30 | Create | Villager (Male) |
| 3:30 | Create | Villager (Male) |
| 3:47 | Create | Villager (Male) |
| 3:48 | Create | Villager (Male) |
| 3:48 | Create | Villager (Male) |
| 4:13 | Create | Villager (Male) |
| 4:57 | Create | Villager (Male) |
| 4:57 | Create | Villager (Male) |
| 4:57 | Create | Villager (Male) |
| 4:57 | Create | Villager (Male) |
| 5:46 | Build | Mill |
| 5:48 | Create | Villager (Male) |
| 5:48 | Create | Villager (Male) |
| 6:24 | Create | Villager (Male) |
| 6:24 | Create | Villager (Male) |
| 6:24 | Create | Villager (Male) |
| 6:34 | Create | Villager (Male) |
| 7:03 | Build | Mining Camp |
| 7:40 | Create | Villager (Male) |
| 7:40 | Create | Villager (Male) |
| 7:40 | Create | Villager (Male) |
| 8:22 | Create | Villager (Male) |
| 8:22 | Create | Villager (Male) |
| 8:22 | Create | Villager (Male) |
| 8:23 | Create | Villager (Male) |
| 8:56 | Build | Mill |
| 9:16 | Build | House |
| 9:22 | Research | Loom |
| 9:42 | Create | Villager (Male) |
| 9:43 | Create | Villager (Male) |
| 10:22 | Build | House |
| 10:53 | Create | Villager (Male) |
| 11:28 | Research | Feudal Age |
| 11:45 | Create | Villager (Male) |
| 11:46 | Create | Villager (Male) |
| 12:20 | Create | Villager (Male) |
| 12:21 | Create | Villager (Male) |
| 13:07 | Build | Farm |
| 13:07 | Build | Farm |
| 13:08 | Build | Farm |
| 13:11 | Build | Farm |
| 13:13 | Build | Farm |
| 13:13 | Build | Farm |
| 13:14 | Build | Farm |
| 13:16 | Build | Farm |
| 13:20 | Build | Farm |
| 13:26 | Build | Farm |
| 13:51 | Build | Market |
| 13:56 | Build | Blacksmith |
| 14:51 | Research | Castle Age |
| 15:10 | Build | Mining Camp |
| 15:54 | Research | Horse Collar |
| 16:07 | Research | Double-Bit Axe |
| 16:15 | Create | Villager (Male) |
| 16:16 | Create | Villager (Male) |
| 16:21 | Build | House |
| 16:22 | Build | House |
| 16:31 | Build | Farm |
| 16:40 | Build | Farm |
| 16:45 | Build | Farm |
| 17:13 | Create | Villager (Male) |
| 17:13 | Create | Villager (Male) |
| 17:25 | Build | Farm |
| 17:37 | Build | Town Center |
| 17:51 | Build | Town Center |
| 17:56 | Create | Villager (Male) |
| 18:01 | Research | Bow Saw |
| 18:58 | Create | Villager (Male) |
| 19:02 | Create | Villager (Male) |
| 19:02 | Create | Villager (Male) |
| 19:08 | Build | Farm |
| 19:11 | Build | Farm |
| 19:13 | Create | Villager (Male) |
| 19:13 | Create | Villager (Male) |
| 19:13 | Create | Villager (Male) |
| 19:14 | Create | Villager (Male) |
| 19:17 | Create | Villager (Male) |
| 19:17 | Create | Villager (Male) |
| 19:18 | Create | Villager (Male) |
| 19:24 | Build | Farm |
| 19:42 | Build | Farm |
| 19:43 | Create | Villager (Male) |
| 19:43 | Create | Villager (Male) |
| 19:44 | Create | Villager (Male) |
| 19:44 | Create | Villager (Male) |
| 19:56 | Create | Villager (Male) |
| 19:56 | Create | Villager (Male) |
| 19:56 | Create | Villager (Male) |
| 19:59 | Build | Farm |
| 20:07 | Build | Farm |
| 20:09 | Build | Farm |
| 20:18 | Build | Farm |
| 20:40 | Build | Stone Wall |
| 20:46 | Build | Gate |
| 20:51 | Create | Villager (Male) |
| 20:51 | Create | Villager (Male) |
| 20:51 | Create | Villager (Male) |
| 20:51 | Create | Villager (Male) |
| 20:51 | Create | Villager (Male) |
| 20:52 | Create | Villager (Male) |
| 20:52 | Create | Villager (Male) |
| 20:52 | Create | Villager (Male) |
| 20:52 | Create | Villager (Male) |
| 21:00 | Build | House |
| 21:01 | Build | House |
| 21:02 | Build | House |
| 21:10 | Create | Villager (Male) |
| 21:10 | Create | Villager (Male) |
| 21:10 | Create | Villager (Male) |
| 21:10 | Create | Villager (Male) |
| 21:15 | Build | Farm |
| 21:18 | Build | Farm |
| 21:20 | Create | Villager (Male) |
| 21:20 | Create | Villager (Male) |
| 21:31 | Build | Farm |
| 21:35 | Build | Farm |
| 21:40 | Build | Farm |
| 21:42 | Create | Villager (Male) |
| 21:43 | Create | Villager (Male) |
| 21:43 | Create | Villager (Male) |
| 21:43 | Create | Villager (Male) |
| 21:43 | Create | Villager (Male) |
| 21:44 | Create | Villager (Male) |
| 21:48 | Build | Farm |
| 21:56 | Create | Villager (Male) |
| 21:56 | Create | Villager (Male) |
Build order — ERJ1919
First 150 of 553 actions detected
| 0:06 | Research | Loom |
| 0:06 | Create | Villager (Male) |
| 0:07 | Create | Villager (Male) |
| 0:07 | Create | Villager (Male) |
| 0:07 | Create | Villager (Male) |
| 0:07 | Create | Villager (Male) |
| 0:11 | Build | House |
| 0:42 | Build | Palisade Wall |
| 0:44 | Build | Palisade Wall |
| 1:22 | Build | Lumber Camp |
| 1:40 | Build | House |
| 1:44 | Build | House |
| 2:21 | Create | Villager (Male) |
| 2:21 | Create | Villager (Male) |
| 2:59 | Create | Villager (Male) |
| 2:59 | Create | Villager (Male) |
| 2:59 | Create | Villager (Male) |
| 3:34 | Create | Villager (Male) |
| 3:34 | Create | Villager (Male) |
| 4:05 | Create | Villager (Male) |
| 4:05 | Create | Villager (Male) |
| 4:33 | Create | Villager (Male) |
| 4:34 | Create | Villager (Male) |
| 4:54 | Create | Villager (Male) |
| 4:54 | Create | Villager (Male) |
| 5:26 | Create | Villager (Male) |
| 5:27 | Create | Villager (Male) |
| 5:43 | Create | Villager (Male) |
| 5:43 | Create | Villager (Male) |
| 6:19 | Create | Villager (Male) ×2 |
| 6:20 | Create | Villager (Male) ×2 |
| 6:23 | Create | Villager (Male) |
| 6:24 | Create | Villager (Male) |
| 6:41 | Build | House |
| 6:50 | Build | House |
| 7:07 | Create | Villager (Male) |
| 7:08 | Create | Villager (Male) |
| 8:08 | Create | Villager (Male) |
| 8:08 | Create | Villager (Male) |
| 8:56 | Create | Villager (Male) |
| 9:04 | Build | Mining Camp |
| 9:32 | Create | Villager (Male) |
| 9:51 | Create | Villager (Male) |
| 10:09 | Build | Mill |
| 10:38 | Research | Feudal Age |
| 11:02 | Build | Mill |
| 11:22 | Build | Lumber Camp |
| 11:55 | Build | Farm |
| 11:56 | Build | Farm |
| 11:56 | Build | Farm |
| 11:56 | Build | Farm |
| 11:57 | Build | Farm |
| 11:57 | Build | Farm |
| 11:58 | Build | Farm |
| 11:58 | Build | Farm |
| 11:58 | Build | Farm |
| 11:59 | Build | Farm |
| 11:59 | Build | Farm |
| 11:59 | Build | Farm |
| 11:59 | Build | Farm |
| 12:00 | Build | Farm |
| 12:00 | Build | Farm |
| 12:00 | Build | Farm |
| 12:01 | Build | Farm |
| 12:43 | Create | Villager (Male) |
| 12:43 | Create | Villager (Male) |
| 12:57 | Build | Gate |
| 13:01 | Build | Stone Wall |
| 13:05 | Build | Outpost |
| 13:09 | Build | Outpost |
| 13:22 | Build | House |
| 13:23 | Build | House |
| 13:25 | Build | House |
| 13:36 | Create | Villager (Male) |
| 13:46 | Build | Farm |
| 14:02 | Create | Villager (Male) |
| 14:25 | Create | Villager (Male) |
| 14:33 | Build | Farm |
| 15:02 | Build | Mining Camp |
| 15:12 | Research | Castle Age |
| 15:43 | Create | Villager (Male) ×4 |
| 15:43 | Create | Villager (Male) ×4 |
| 16:00 | Build | Market |
| 16:49 | Research | Horse Collar |
| 16:51 | Research | Double-Bit Axe |
| 17:13 | Create | Villager (Male) |
| 17:13 | Create | Villager (Male) |
| 17:26 | Research | Gold Mining |
| 17:28 | Research | Stone Mining |
| 17:40 | Create | Villager (Male) |
| 17:54 | Build | Town Center |
| 18:11 | Build | Siege Workshop |
| 18:35 | Research | Bow Saw |
| 19:07 | Create | Mangonel |
| 19:10 | Create | Villager (Male) ×3 |
| 19:10 | Create | Villager (Male) ×3 |
| 19:10 | Create | Villager (Male) ×3 |
| 19:24 | Research | Heavy Plow |
| 19:31 | Create | Villager (Male) |
| 19:31 | Create | Villager (Male) |
| 19:36 | Create | Villager (Male) ×3 |
| 19:36 | Create | Villager (Male) ×3 |
| 19:57 | Build | House |
| 19:58 | Build | House |
| 20:01 | Build | House |
| 20:03 | Build | House |
| 20:09 | Create | Villager (Male) ×2 |
| 20:09 | Create | Villager (Male) ×2 |
| 20:11 | Create | Scorpion |
| 20:11 | Create | Scorpion |
| 20:11 | Create | Scorpion |
| 20:23 | Create | Villager (Male) |
| 20:24 | Create | Villager (Male) |
| 21:01 | Create | Scorpion |
| 21:02 | Create | Scorpion |
| 21:04 | Create | Villager (Male) ×3 |
| 21:05 | Create | Villager (Male) ×3 |
| 21:15 | Build | Town Center |
| 21:39 | Build | Stone Wall |
| 21:46 | Build | Stone Wall |
| 21:55 | Create | Villager (Male) ×3 |
| 21:56 | Create | Villager (Male) ×3 |
| 22:05 | Create | Scorpion |
| 22:05 | Create | Scorpion |
| 22:32 | Create | Villager (Male) ×2 |
| 22:32 | Create | Villager (Male) ×2 |
| 22:45 | Create | Villager (Male) ×4 |
| 22:46 | Create | Villager (Male) ×4 |
| 22:56 | Build | House |
| 22:57 | Build | House |
| 22:58 | Build | House |
| 24:14 | Create | Scorpion |
| 24:14 | Create | Scorpion |
| 24:14 | Create | Scorpion |
| 24:25 | Create | Villager (Male) ×5 |
| 24:26 | Create | Villager (Male) ×5 |
| 24:26 | Create | Villager (Male) ×4 |
| 24:52 | Build | House |
| 24:53 | Build | House |
| 24:56 | Build | House |
| 24:58 | Build | House |
| 24:59 | Build | House |
| 25:16 | Build | Farm |
| 25:16 | Build | Farm |
| 25:17 | Build | Farm |
| 25:17 | Build | Farm |
| 25:17 | Build | Farm |
| 25:17 | Build | Farm |
| 25:18 | Build | Farm |
| 25:18 | Build | Farm |
Build order — S1eKej86
First 150 of 581 actions detected
| 0:03 | Create | Villager (Male) |
| 0:05 | Build | House |
| 0:06 | Build | House |
| 0:30 | Create | Villager (Male) |
| 0:30 | Create | Villager (Male) |
| 0:31 | Create | Villager (Male) |
| 0:31 | Create | Villager (Male) |
| 0:34 | Research | Loom |
| 1:35 | Create | Villager (Male) |
| 1:35 | Create | Villager (Male) |
| 2:13 | Build | Palisade Wall |
| 2:14 | Build | Palisade Wall |
| 2:20 | Build | Palisade Gate |
| 2:24 | Build | Palisade Wall |
| 2:30 | Create | Villager (Male) |
| 2:31 | Create | Villager (Male) |
| 2:44 | Create | Villager (Male) |
| 2:45 | Create | Villager (Male) |
| 3:25 | Create | Villager (Male) |
| 3:26 | Create | Villager (Male) |
| 3:49 | Build | Mill |
| 3:59 | Build | House |
| 4:01 | Build | House |
| 4:07 | Create | Villager (Male) |
| 4:07 | Create | Villager (Male) |
| 4:07 | Create | Villager (Male) |
| 4:35 | Create | Villager (Male) |
| 4:35 | Create | Villager (Male) |
| 4:36 | Create | Villager (Male) |
| 5:17 | Create | Villager (Male) |
| 5:18 | Create | Villager (Male) |
| 6:05 | Create | Villager (Male) |
| 6:05 | Create | Villager (Male) |
| 6:06 | Create | Villager (Male) |
| 6:06 | Create | Villager (Male) |
| 6:11 | Build | House |
| 6:28 | Create | Villager (Male) |
| 6:29 | Create | Villager (Male) |
| 6:54 | Build | House |
| 7:09 | Create | Villager (Male) |
| 7:09 | Create | Villager (Male) |
| 7:20 | Create | Villager (Male) |
| 7:20 | Create | Villager (Male) |
| 7:27 | Build | Lumber Camp |
| 8:23 | Create | Villager (Male) |
| 8:23 | Create | Villager (Male) |
| 8:56 | Create | Villager (Male) |
| 8:57 | Create | Villager (Male) |
| 8:57 | Create | Villager (Male) |
| 10:29 | Build | Mining Camp |
| 10:48 | Build | Barracks |
| 10:58 | Research | Feudal Age |
| 11:48 | Create | Villager (Male) |
| 11:48 | Create | Villager (Male) |
| 12:15 | Build | Mill |
| 13:29 | Create | Villager (Male) |
| 13:44 | Build | Market |
| 13:48 | Build | Blacksmith |
| 13:54 | Create | Villager (Male) |
| 13:55 | Create | Villager (Male) |
| 14:28 | Create | Villager (Male) |
| 14:53 | Build | Mill |
| 15:10 | Build | House |
| 15:11 | Build | House |
| 15:30 | Build | Farm |
| 15:31 | Build | Farm |
| 15:32 | Build | Farm |
| 15:33 | Build | Farm |
| 16:05 | Research | Castle Age |
| 16:32 | Build | Mining Camp |
| 16:51 | Research | Horse Collar |
| 17:17 | Research | Double-Bit Axe |
| 17:37 | Build | Stone Wall |
| 17:47 | Build | Stone Wall |
| 17:50 | Build | Stone Wall |
| 17:56 | Build | Gate |
| 18:18 | Create | Villager (Male) |
| 18:18 | Create | Villager (Male) |
| 18:50 | Create | Villager (Male) |
| 18:50 | Create | Villager (Male) |
| 19:20 | Build | Town Center |
| 19:39 | Build | Town Center |
| 19:44 | Create | Villager (Male) |
| 20:09 | Build | Farm |
| 20:09 | Build | Farm |
| 20:10 | Build | Farm |
| 20:10 | Build | Farm |
| 20:10 | Build | Farm |
| 20:11 | Build | Farm |
| 20:11 | Build | Farm |
| 20:14 | Build | Farm |
| 20:20 | Build | Mining Camp |
| 20:59 | Build | Stable |
| 21:05 | Create | Villager (Male) |
| 21:05 | Create | Villager (Male) |
| 21:09 | Create | Villager (Male) |
| 21:10 | Create | Villager (Male) |
| 21:10 | Create | Villager (Male) |
| 21:17 | Research | Bow Saw |
| 21:26 | Build | Farm |
| 21:26 | Build | Farm |
| 21:32 | Create | Villager (Male) |
| 21:52 | Create | Villager (Male) |
| 21:53 | Create | Villager (Male) |
| 21:57 | Create | Villager (Male) |
| 21:57 | Create | Villager (Male) |
| 21:58 | Create | Villager (Male) |
| 22:01 | Create | Villager (Male) |
| 22:01 | Create | Villager (Male) |
| 22:07 | Create | Knight |
| 22:07 | Create | Knight |
| 22:07 | Create | Knight |
| 22:15 | Build | Stable |
| 22:22 | Build | Farm |
| 22:22 | Build | Farm |
| 22:22 | Build | Farm |
| 22:23 | Build | Farm |
| 22:27 | Create | Villager (Male) |
| 22:27 | Create | Villager (Male) |
| 22:30 | Create | Villager (Male) |
| 22:40 | Build | Farm |
| 22:41 | Build | Farm |
| 22:53 | Build | Farm |
| 23:02 | Create | Villager (Male) |
| 23:08 | Create | Knight |
| 23:20 | Build | House |
| 23:21 | Build | House |
| 24:11 | Build | Castle |
| 24:27 | Build | Farm |
| 24:28 | Build | Farm |
| 24:28 | Build | Farm |
| 24:28 | Build | Farm |
| 24:28 | Build | Farm |
| 24:29 | Build | Farm |
| 24:31 | Create | Villager (Male) |
| 24:31 | Create | Villager (Male) |
| 24:34 | Create | Villager (Male) |
| 24:34 | Create | Villager (Male) |
| 24:34 | Create | Villager (Male) |
| 24:42 | Create | Villager (Male) |
| 24:43 | Create | Villager (Male) |
| 24:48 | Build | Farm |
| 24:49 | Build | Farm |
| 24:49 | Build | Farm |
| 24:50 | Build | Farm |
| 24:59 | Create | Villager (Male) |
| 25:05 | Build | House |
| 25:06 | Build | House |
| 25:10 | Create | Knight |
| 25:14 | Create | Knight |
Build order — fotolithos
First 150 of 602 actions detected
| 0:04 | Build | House |
| 0:05 | Build | House |
| 0:06 | Create | Villager (Male) |
| 0:07 | Create | Villager (Male) |
| 0:07 | Create | Villager (Male) |
| 0:32 | Create | Villager (Male) |
| 0:32 | Create | Villager (Male) |
| 0:57 | Research | Loom |
| 1:01 | Create | Villager (Male) |
| 1:01 | Create | Villager (Male) |
| 1:52 | Create | Villager (Male) |
| 1:52 | Create | Villager (Male) |
| 1:57 | Build | House |
| 2:16 | Create | Villager (Male) |
| 2:17 | Create | Villager (Male) |
| 2:30 | Build | Palisade Wall |
| 2:45 | Build | Lumber Camp |
| 3:17 | Create | Villager (Male) |
| 3:17 | Create | Villager (Male) |
| 3:17 | Create | Villager (Male) |
| 3:17 | Create | Villager (Male) |
| 4:12 | Create | Villager (Male) |
| 4:12 | Create | Villager (Male) |
| 4:12 | Create | Villager (Male) |
| 5:14 | Build | Palisade Wall |
| 5:24 | Create | Villager (Male) |
| 6:04 | Create | Villager (Male) |
| 6:04 | Create | Villager (Male) |
| 6:23 | Build | Palisade Wall |
| 6:42 | Create | Villager (Male) |
| 6:42 | Create | Villager (Male) |
| 6:42 | Create | Villager (Male) |
| 7:18 | Create | Villager (Male) |
| 7:18 | Create | Villager (Male) |
| 7:18 | Create | Villager (Male) |
| 7:52 | Build | Mill |
| 8:34 | Create | Villager (Male) |
| 8:34 | Create | Villager (Male) |
| 8:34 | Create | Villager (Male) |
| 8:55 | Create | Villager (Male) |
| 8:55 | Create | Villager (Male) |
| 9:04 | Build | Mill |
| 9:13 | Build | House |
| 9:32 | Create | Villager (Male) |
| 10:13 | Create | Villager (Male) |
| 10:13 | Create | Villager (Male) |
| 10:56 | Create | Villager (Male) |
| 10:56 | Create | Villager (Male) |
| 11:07 | Build | House |
| 11:34 | Build | Mining Camp |
| 11:50 | Research | Feudal Age |
| 12:28 | Build | Palisade Wall |
| 12:37 | Build | Palisade Wall |
| 14:04 | Age | Feudal Age |
| 14:08 | Create | Villager (Male) |
| 14:08 | Create | Villager (Male) |
| 14:17 | Build | Market |
| 14:38 | Build | Blacksmith |
| 14:47 | Create | Villager (Male) |
| 14:47 | Create | Villager (Male) |
| 15:26 | Build | Mining Camp |
| 15:31 | Create | Villager (Male) |
| 15:31 | Create | Villager (Male) |
| 15:39 | Build | House |
| 16:39 | Research | Castle Age |
| 16:58 | Build | Farm |
| 16:59 | Build | Farm |
| 17:01 | Build | Farm |
| 17:02 | Build | Farm |
| 17:31 | Build | Barracks |
| 17:48 | Build | Farm |
| 17:50 | Build | Farm |
| 17:51 | Build | Farm |
| 17:52 | Build | Farm |
| 18:33 | Create | Spearman |
| 18:34 | Create | Spearman |
| 19:08 | Create | Spearman |
| 19:16 | Research | Arson |
| 19:19 | Age | Castle Age |
| 19:27 | Build | Town Center |
| 19:32 | Research | Double-Bit Axe |
| 19:35 | Create | Villager (Male) |
| 19:35 | Create | Villager (Male) |
| 20:07 | Create | Villager (Male) |
| 20:52 | Build | Siege Workshop |
| 21:02 | Create | Villager (Male) |
| 21:02 | Create | Villager (Male) |
| 21:37 | Build | House |
| 21:41 | Create | Villager (Male) |
| 21:42 | Create | Villager (Male) |
| 21:49 | Build | Farm |
| 21:50 | Build | Farm |
| 21:52 | Build | Farm |
| 22:14 | Create | Villager (Male) |
| 22:15 | Create | Villager (Male) |
| 22:18 | Create | Mangonel |
| 22:25 | Build | House |
| 22:30 | Create | Villager (Male) |
| 22:31 | Create | Villager (Male) |
| 22:40 | Research | Bow Saw |
| 22:56 | Build | Castle |
| 23:03 | Create | Villager (Male) |
| 23:03 | Create | Villager (Male) |
| 23:03 | Create | Villager (Male) |
| 23:16 | Create | Villager (Male) |
| 23:49 | Create | Villager (Male) |
| 23:49 | Create | Villager (Male) |
| 24:09 | Build | House |
| 24:14 | Build | Monastery |
| 24:18 | Create | Villager (Male) |
| 24:18 | Create | Villager (Male) |
| 24:18 | Create | Villager (Male) |
| 24:26 | Build | Farm |
| 24:29 | Build | Farm |
| 24:30 | Build | Farm |
| 24:31 | Build | Farm |
| 25:05 | Create | Villager (Male) |
| 25:06 | Create | Villager (Male) |
| 25:16 | Build | Town Center |
| 25:22 | Create | Monk |
| 25:32 | Create | Villager (Male) |
| 25:32 | Create | Villager (Male) |
| 25:40 | Build | Farm |
| 25:53 | Create | Villager (Male) |
| 25:53 | Create | Villager (Male) |
| 26:18 | Create | Villager (Male) |
| 26:18 | Create | Villager (Male) |
| 26:42 | Create | Villager (Male) |
| 26:42 | Create | Villager (Male) |
| 26:42 | Create | Villager (Male) |
| 26:49 | Build | Farm |
| 26:50 | Build | Farm |
| 26:51 | Build | Farm |
| 26:53 | Build | Farm |
| 26:55 | Build | Farm |
| 27:01 | Create | Villager (Male) |
| 27:01 | Create | Villager (Male) |
| 27:02 | Create | Villager (Male) |
| 27:18 | Build | Mining Camp |
| 27:25 | Create | Villager (Male) |
| 27:25 | Create | Villager (Male) |
| 27:25 | Create | Villager (Male) |
| 27:30 | Build | Farm |
| 27:35 | Build | Farm |
| 27:40 | Build | Farm |
| 27:47 | Create | Villager (Male) |
| 27:47 | Create | Villager (Male) |
| 27:48 | Create | Villager (Male) |
| 28:09 | Research | Wheelbarrow |
| 28:22 | Research | Gold Mining |
Build order — Ballendin
First 150 of 542 actions detected
| 0:09 | Build | House |
| 0:11 | Build | House |
| 0:13 | Create | Villager (Male) |
| 0:13 | Create | Villager (Male) |
| 0:14 | Create | Villager (Male) |
| 0:14 | Create | Villager (Male) |
| 0:14 | Create | Villager (Male) |
| 2:04 | Create | Villager (Male) |
| 2:04 | Create | Villager (Male) |
| 2:05 | Create | Villager (Male) |
| 3:06 | Create | Villager (Male) |
| 3:06 | Create | Villager (Male) |
| 3:07 | Create | Villager (Male) |
| 3:07 | Create | Villager (Male) |
| 3:23 | Build | Lumber Camp |
| 3:26 | Create | Villager (Male) |
| 5:15 | Create | Villager (Male) |
| 5:15 | Create | Villager (Male) |
| 5:16 | Create | Villager (Male) |
| 5:16 | Create | Villager (Male) |
| 5:32 | Build | House |
| 5:32 | Build | House |
| 5:49 | Build | Mill |
| 6:54 | Create | Villager (Male) |
| 6:54 | Create | Villager (Male) |
| 6:54 | Create | Villager (Male) |
| 6:55 | Create | Villager (Male) |
| 6:55 | Create | Villager (Male) |
| 6:55 | Create | Villager (Male) |
| 8:14 | Build | Farm |
| 8:28 | Create | Villager (Male) |
| 8:29 | Create | Villager (Male) |
| 8:29 | Create | Villager (Male) |
| 8:30 | Create | Villager (Male) |
| 8:37 | Build | Farm |
| 9:08 | Build | Lumber Camp |
| 9:23 | Create | Villager (Male) |
| 9:24 | Create | Villager (Male) |
| 10:17 | Build | House |
| 10:44 | Create | Villager (Male) |
| 10:44 | Create | Villager (Male) |
| 10:46 | Research | Feudal Age |
| 11:12 | Build | Farm |
| 11:18 | Build | Mining Camp |
| 11:29 | Build | Farm |
| 11:39 | Build | Farm |
| 11:52 | Create | Villager (Male) |
| 11:52 | Create | Villager (Male) |
| 13:13 | Build | Farm |
| 13:18 | Build | Farm |
| 13:22 | Build | Farm |
| 13:30 | Build | Farm |
| 13:30 | Build | Farm |
| 14:04 | Age | Feudal Age |
| 14:07 | Build | Market |
| 14:57 | Build | Blacksmith |
| 15:34 | Research | Castle Age |
| 15:34 | Research | Castle Age |
| 15:43 | Build | House |
| 15:45 | Build | House |
| 16:21 | Create | Trade Cart |
| 16:36 | Research | Double-Bit Axe |
| 17:45 | Create | Villager (Male) |
| 17:46 | Create | Villager (Male) |
| 18:13 | Age | Castle Age |
| 18:17 | Build | Town Center |
| 18:53 | Build | Town Center |
| 18:58 | Create | Villager (Male) |
| 18:58 | Create | Villager (Male) |
| 19:01 | Research | Wheelbarrow |
| 19:01 | Research | Loom |
| 19:02 | Research | Town Watch |
| 19:03 | Create | Villager (Male) |
| 19:34 | Research | Caravan |
| 19:34 | Create | Trade Cart |
| 19:34 | Create | Trade Cart |
| 19:42 | Create | Villager (Male) |
| 19:42 | Create | Villager (Male) |
| 20:03 | Build | Mining Camp |
| 20:06 | Create | Villager (Male) |
| 20:07 | Create | Villager (Male) |
| 20:07 | Create | Villager (Male) |
| 20:07 | Create | Villager (Male) |
| 20:07 | Create | Villager (Male) |
| 20:08 | Create | Villager (Male) |
| 20:48 | Create | Villager (Male) |
| 20:51 | Create | Villager (Male) |
| 21:24 | Create | Villager (Male) |
| 21:24 | Create | Villager (Male) |
| 21:24 | Create | Villager (Male) |
| 21:29 | Create | Villager (Male) |
| 21:29 | Create | Villager (Male) |
| 21:46 | Build | Farm |
| 21:46 | Build | Farm |
| 21:55 | Build | Farm |
| 21:55 | Build | Farm |
| 22:02 | Build | Farm |
| 22:02 | Build | Farm |
| 22:06 | Research | Bow Saw |
| 22:27 | Build | Farm |
| 23:09 | Research | Hand Cart |
| 23:16 | Build | House |
| 23:17 | Build | House |
| 23:18 | Build | House |
| 23:19 | Build | House |
| 23:20 | Build | House |
| 23:21 | Build | House |
| 23:31 | Build | Barracks |
| 23:32 | Build | Barracks |
| 23:39 | Create | Villager (Male) |
| 23:40 | Create | Villager (Male) |
| 23:42 | Create | Villager (Male) |
| 23:43 | Create | Villager (Male) |
| 23:43 | Create | Villager (Male) |
| 24:02 | Build | Farm |
| 24:03 | Build | Farm |
| 24:08 | Build | Farm |
| 24:18 | Create | Villager (Male) |
| 24:19 | Create | Villager (Male) |
| 24:19 | Create | Villager (Male) |
| 24:19 | Create | Villager (Male) |
| 24:22 | Create | Villager (Male) |
| 24:22 | Create | Villager (Male) |
| 24:27 | Create | Villager (Male) |
| 24:33 | Build | Farm |
| 24:34 | Build | Farm |
| 24:34 | Build | Farm |
| 24:34 | Build | Farm |
| 24:34 | Build | Farm |
| 25:12 | Build | Siege Workshop |
| 25:16 | Build | Siege Workshop |
| 25:25 | Build | Monastery |
| 25:41 | Create | Villager (Male) |
| 25:42 | Create | Villager (Male) |
| 25:42 | Create | Villager (Male) |
| 25:49 | Create | Villager (Male) |
| 25:49 | Create | Villager (Male) |
| 25:49 | Create | Villager (Male) |
| 25:58 | Build | University |
| 26:19 | Build | Barracks |
| 26:26 | Create | Monk |
| 26:34 | Research | Squires |
| 26:35 | Research | Pikeman (upgrade) |
| 26:35 | Research | Arson |
| 26:39 | Research | Scale Barding Armor |
| 26:39 | Research | Forging |
| 26:40 | Research | Scale Mail Armor |
| 26:41 | Research | Fletching |
| 26:41 | Research | Padded Archer Armor |
| 26:47 | Create | Villager (Male) |
Build order — KingKongKeule
First 150 of 544 actions detected
| 0:01 | Create | Villager (Male) ×3 |
| 0:05 | Build | House |
| 0:06 | Build | House |
| 1:33 | Research | Loom |
| 2:08 | Create | Villager (Male) |
| 2:09 | Create | Villager (Male) |
| 2:22 | Build | Palisade Wall |
| 2:46 | Create | Villager (Male) |
| 3:16 | Create | Villager (Male) |
| 3:27 | Build | Palisade Wall |
| 4:38 | Create | Villager (Male) |
| 4:38 | Create | Villager (Male) |
| 4:38 | Create | Villager (Male) |
| 5:04 | Create | Villager (Male) |
| 5:11 | Create | Villager (Male) |
| 5:12 | Create | Villager (Male) |
| 5:37 | Create | Villager (Male) |
| 5:56 | Build | Palisade Wall |
| 6:00 | Create | Villager (Male) |
| 6:26 | Build | Palisade Wall |
| 6:38 | Build | House |
| 6:40 | Build | House |
| 6:41 | Build | House |
| 6:42 | Build | House |
| 7:02 | Create | Villager (Male) |
| 7:02 | Create | Villager (Male) |
| 7:27 | Build | Palisade Wall |
| 8:24 | Build | Barracks |
| 8:34 | Create | Villager (Male) |
| 8:40 | Create | Villager (Male) |
| 9:15 | Create | Villager (Male) |
| 9:48 | Create | Villager (Male) |
| 9:54 | Build | Mill |
| 10:01 | Create | Villager (Male) |
| 10:29 | Create | Villager (Male) |
| 10:29 | Create | Villager (Male) |
| 10:53 | Build | Lumber Camp |
| 11:22 | Build | Mill |
| 11:29 | Create | Villager (Male) |
| 11:30 | Create | Villager (Male) |
| 11:58 | Build | Mining Camp |
| 12:21 | Research | Feudal Age |
| 13:42 | Create | Villager (Male) |
| 13:43 | Create | Villager (Male) |
| 13:43 | Create | Villager (Male) |
| 13:57 | Build | Lumber Camp |
| 14:00 | Create | Villager (Male) |
| 14:00 | Create | Villager (Male) |
| 14:31 | Age | Feudal Age |
| 14:36 | Build | Stone Wall |
| 14:40 | Build | Gate |
| 14:42 | Build | Gate |
| 15:06 | Build | Farm |
| 15:07 | Build | Farm |
| 15:22 | Build | Farm |
| 16:09 | Build | Farm |
| 16:09 | Build | Farm |
| 16:25 | Build | Farm |
| 16:38 | Create | Villager (Male) |
| 16:38 | Create | Villager (Male) |
| 16:44 | Build | House |
| 17:16 | Create | Villager (Male) |
| 17:32 | Build | Archery Range |
| 17:50 | Create | Villager (Male) |
| 17:56 | Build | Mining Camp |
| 18:05 | Create | Villager (Male) |
| 18:22 | Build | Blacksmith |
| 18:38 | Build | Stone Wall |
| 18:45 | Build | Gate |
| 18:50 | Research | Castle Age |
| 19:16 | Create | Skirmisher |
| 19:16 | Create | Skirmisher |
| 19:17 | Create | Archer |
| 19:17 | Create | Archer |
| 19:32 | Research | Fletching |
| 19:33 | Research | Padded Archer Armor |
| 19:41 | Build | Farm |
| 19:47 | Build | Farm |
| 20:23 | Research | Padded Archer Armor |
| 20:54 | Research | Forging |
| 21:10 | Build | Stone Wall |
| 21:15 | Build | Gate |
| 21:30 | Age | Castle Age |
| 21:32 | Build | Town Center |
| 21:46 | Build | Town Center |
| 21:50 | Create | Villager (Male) ×4 |
| 21:54 | Build | House |
| 21:55 | Build | House |
| 21:56 | Build | House |
| 21:58 | Build | House |
| 22:26 | Research | Elite Skirmisher (upgrade) |
| 23:02 | Create | Villager (Male) ×3 |
| 23:06 | Create | Villager (Male) |
| 23:24 | Build | Farm |
| 23:25 | Build | Farm |
| 23:25 | Build | Farm |
| 23:25 | Build | Farm |
| 23:51 | Create | Villager (Male) |
| 23:56 | Build | Farm |
| 23:58 | Build | Farm |
| 24:00 | Build | Farm |
| 24:00 | Build | Farm |
| 24:05 | Create | Villager (Male) |
| 24:05 | Create | Villager (Male) |
| 24:21 | Build | University |
| 24:32 | Build | Farm |
| 24:34 | Create | Villager (Male) |
| 24:35 | Create | Villager (Male) |
| 24:46 | Build | Farm |
| 24:48 | Create | Villager (Male) |
| 24:54 | Create | Villager (Male) |
| 25:09 | Create | Villager (Male) |
| 25:14 | Build | Farm |
| 25:20 | Create | Villager (Male) |
| 25:21 | Create | Villager (Male) |
| 25:24 | Build | Farm |
| 25:38 | Build | Stone Wall |
| 25:45 | Build | Gate |
| 25:48 | Create | Villager (Male) |
| 25:48 | Create | Villager (Male) |
| 25:49 | Create | Villager (Male) |
| 25:52 | Build | Farm |
| 26:11 | Create | Villager (Male) |
| 26:12 | Create | Villager (Male) |
| 26:16 | Create | Villager (Male) |
| 26:19 | Build | Farm |
| 26:37 | Create | Villager (Male) |
| 26:37 | Create | Villager (Male) |
| 26:41 | Create | Villager (Male) |
| 26:44 | Build | Farm |
| 27:00 | Create | Villager (Male) |
| 27:00 | Create | Villager (Male) |
| 27:07 | Create | Villager (Male) |
| 27:07 | Create | Villager (Male) |
| 27:25 | Research | Double-Bit Axe |
| 27:28 | Create | Villager (Male) |
| 27:50 | Build | Castle |
| 28:00 | Research | Crossbowman (upgrade) |
| 28:02 | Create | Villager (Male) |
| 28:09 | Build | House |
| 28:11 | Build | House |
| 28:12 | Build | House |
| 28:18 | Research | Wheelbarrow |
| 28:24 | Create | Villager (Male) |
| 28:39 | Build | Mining Camp |
| 28:41 | Create | Villager (Male) |
| 28:41 | Create | Villager (Male) |
| 28:45 | Build | Farm |
| 28:47 | Create | Villager (Male) |
| 29:10 | Create | Archer |
Match timeline
| 0:42 | ERJ1919 · wall_segment Palisade Wall x9 |
| 0:44 | ERJ1919 · wall_segment Palisade Wall x3 |
| 2:13 | S1eKej86 · wall_segment Palisade Wall x2 |
| 2:14 | S1eKej86 · wall_segment Palisade Wall x1 |
| 2:22 | KingKongKeule · wall_segment Palisade Wall x7 |
| 2:24 | S1eKej86 · wall_segment Palisade Wall x7 |
| 2:30 | fotolithos · wall_segment Palisade Wall x9 |
| 3:27 | KingKongKeule · wall_segment Palisade Wall x9 |
| 5:14 | fotolithos · wall_segment Palisade Wall x8 |
| 5:56 | KingKongKeule · wall_segment Palisade Wall x4 |
| 6:23 | fotolithos · wall_segment Palisade Wall x8 |
| 6:26 | KingKongKeule · wall_segment Palisade Wall x5 |
| 7:27 | KingKongKeule · wall_segment Palisade Wall x8 |
| 8:24 | KingKongKeule · first_building Barracks |
| 10:48 | S1eKej86 · first_building Barracks |
| 12:28 | fotolithos · wall_segment Palisade Wall x6 |
| 12:37 | fotolithos · wall_segment Palisade Wall x10 |
| 13:01 | ERJ1919 · wall_segment Stone Wall x5 |
| 14:04 | fotolithos · age_up feudal |
| 14:04 | Ballendin · age_up feudal |
| 14:31 | KingKongKeule · age_up feudal |
| 14:36 | KingKongKeule · wall_segment Stone Wall x21 |
| 17:31 | fotolithos · first_building Barracks |
| 17:32 | KingKongKeule · first_building Archery Range |
| 17:37 | S1eKej86 · wall_segment Stone Wall x4 |
| 17:47 | S1eKej86 · wall_segment Stone Wall x1 |
| 17:50 | S1eKej86 · wall_segment Stone Wall x7 |
| 18:11 | ERJ1919 · first_building Siege Workshop |
| 18:13 | Ballendin · age_up castle |
| 18:38 | KingKongKeule · wall_segment Stone Wall x9 |
| 19:00 | ERJ1919 · first_market_buy 100 wood |
| 19:05 | ERJ1919 · first_market_sell 100 stone |
| 19:19 | fotolithos · age_up castle |
| 20:40 | DonMichi86 · wall_segment Stone Wall x24 |
| 20:52 | fotolithos · first_building Siege Workshop |
| 20:59 | S1eKej86 · first_building Stable |
| 21:04 | Ballendin · tribute_sent a jugador 1 |
| 21:04 | Ballendin · tribute_sent a jugador 2 |
| 21:04 | Ballendin · tribute_sent a jugador 3 |
| 21:04 | Ballendin · tribute_sent a jugador 5 |
| 21:04 | Ballendin · tribute_sent a jugador 6 |
| 21:10 | KingKongKeule · wall_segment Stone Wall x9 |
| 21:30 | KingKongKeule · age_up castle |
| 21:39 | ERJ1919 · wall_segment Stone Wall x4 |
| 21:46 | ERJ1919 · wall_segment Stone Wall x7 |
| 22:34 | fotolithos · first_market_buy 100 wood |
| 22:56 | fotolithos · first_building Castle |
| 23:31 | Ballendin · first_building Barracks |
| 24:11 | S1eKej86 · first_building Castle |
| 24:14 | fotolithos · first_building Monastery |
| 25:04 | DonMichi86 · first_building Barracks |
| 25:12 | Ballendin · first_building Siege Workshop |
| 25:25 | Ballendin · first_building Monastery |
| 25:38 | KingKongKeule · wall_segment Stone Wall x10 |
| 25:49 | DonMichi86 · first_building Monastery |
| 26:20 | ERJ1919 · wall_segment Stone Wall x8 |
| 26:40 | ERJ1919 · first_building Castle |
| 26:57 | DonMichi86 · first_building Archery Range |
| 26:59 | Ballendin · first_building Stable |
| 27:50 | KingKongKeule · first_building Castle |
| 29:29 | ERJ1919 · first_building Stable |
| 30:11 | S1eKej86 · first_building Archery Range |
| 30:20 | Ballendin · first_building Castle |
| 31:27 | DonMichi86 · first_building Siege Workshop |
| 31:53 | Ballendin · age_up imperial |
| 33:25 | S1eKej86 · first_building Siege Workshop |
| 33:35 | DonMichi86 · first_market_sell 100 stone |
| 34:20 | DonMichi86 · first_building Castle |
| 35:57 | fotolithos · age_up imperial |
| 38:14 | KingKongKeule · age_up imperial |
| 39:51 | Ballendin · first_building Archery Range |
| 39:59 | S1eKej86 · first_market_sell 100 food |
| 40:03 | S1eKej86 · first_market_buy 100 wood |
| 50:02 | KingKongKeule · wall_segment Stone Wall x10 |
| 51:05 | Ballendin · wall_segment Stone Wall x14 |
| 52:33 | S1eKej86 · first_building Monastery |
| 52:50 | KingKongKeule · wall_segment Stone Wall x17 |
| 56:35 | fotolithos · wall_segment Stone Wall x12 |
| 66:33 | fotolithos · wall_segment Stone Wall x15 |
| 67:59 | fotolithos · first_market_sell 500 food |
| 71:01 | KingKongKeule · first_market_sell 500 wood |
| 72:33 | KingKongKeule · resign |
[ AI ANALYSIS · 1 CREDIT ]
What really happened in this match?
Wolo.gg analyzes every decision: build order, eco, micro, common mistakes by bracket. Personalized analysis on WhatsApp or Discord in 30 seconds.
Civ guide
Saracens
Perfil
Jugador #830144